 Dungeon Crawl Stone Soup version 0.31.0-10-gcf4a605ca0 (webtiles) character file.

Game seed: 17360411996432905661

936 Arcadio the Ruffian (level 7, -1/61 HPs)
             Began as a Pale Draconian Shapeshifter on Jan 25, 2024.
             Was a Priest of Elyvilon.
             Killed by divine providence
             ... invoked by an orc priest
              (13 damage)
             ... on level 6 of the Dungeon.
             The game lasted 00:10:39 (5492 turns).

Arcadio the Ruffian (Pale Draconian Shapeshifter)   Turns: 5492, Time: 00:10:40

Health: -1/61      AC:  6    Str: 19    XL:     7   Next: 87%
Magic:  7/7        EV: 13    Int: 10    God:    Elyvilon [***...]
Gold:   306        SH:  0    Dex: 10    Spells: 5/6 levels left

rFire   . .          .
                       - Unarmed
rCold   . . .        (no shield)
rNeg    . . .        (body armour unavailable)
rPois   .            (helmet currently unavailable)
rElec   .            (cloak currently unavailable)
rCorr   .            (gloves currently unavailable)
SInv    .            (boots currently unavailable)
Will    .....        (no amulet)
Stlth   +            (no ring)
HPRegen 0.30/turn    (no ring)
MPRegen 0.10/turn

%: no passive effects
@: beast-form
A: beast (slay +2), breathe steam, AC +6, unfitting armour, cold-blooded, steam
resistance
a: Breathe Steam, Begin Untransformation, Renounce Religion, Purification, Heal
Other, Heal Self


You were on level 6 of the Dungeon.
You worshipped Elyvilon.
Elyvilon was most pleased with you.
You were a hulking beast.
You visited 2 branches of the dungeon, and saw 7 of its levels.

You collected 361 gold pieces.
You spent 55 gold pieces at shops.

Inventory:

Hand Weapons
 o - a +4 quarterstaff of chaos
Armour
 n - a +0 cloak of preservation
 y - a scarf of invisibility
Jewellery
 h - a ring of fire
Talismans
 b - a beast talisman (active)
 c - a flux talisman
Wands
 u - a wand of quicksilver (5)
 w - a wand of iceblast (6)
Scrolls
 f - 2 scrolls of vulnerability
 i - 2 scrolls of immolation
 j - 3 scrolls of teleportation
 l - a scroll of amnesia {unknown}
 m - a scroll of fog {unknown}
 s - a scroll of enchant armour {unknown}
 v - a scroll of silence {unknown}
 x - a scroll of revelation {unknown}
Potions
 a - 4 potions of lignification
 d - a potion of magic {unknown}
 e - a potion of heal wounds
 g - a potion of curing
 k - a potion of invisibility {unknown}
 p - a potion of enlightenment {unknown}
 q - a potion of haste {unknown}
 t - a potion of attraction {unknown}


   Skills:
 + Level 5.0 Fighting
 + Level 4.4 Dodging
 + Level 5.3 Unarmed Combat
 + Level 5.0 Shapeshifting


You had 5 spell levels left.
You knew the following spells:

 Your Spells              Type           Power      Damage    Failure   Level
a - Apportation           Tloc           0%         N/A       36%         1

Your spell library contained the following spells:

 Spells                   Type           Power      Damage    Failure   Level
 Lesser Beckoning         Tloc           0%         N/A       50%         2
 Fugue of the Fallen      Necr           0%         N/A       75%         3
 Gell's Gravitas          Tloc           0%         N/A       75%         3
 Ozocubu's Armour         Ice            0%         N/A       75%         3
 Summon Ice Beast         Ice/Summ       0%         N/A       75%         3
 Swiftness                Air            0%         N/A       75%         3
 Teleport Other           Tloc           0%         N/A       75%         3
 Volatile Blastmotes      Fire/Tloc      0%         2d10      75%         3
 Dimensional Bullseye     Hex/Tloc       0%         N/A       98%         4
 Manifold Assault         Tloc           0%         N/A       98%         4
 Vhi's Electric Charge    Tloc/Air       0%         N/A       98%         4
 Disjunction              Tloc           0%         N/A       100%        8
 Dragon's Call            Summ           0%         N/A       100%        9


Dungeon Overview and Level Annotations

Branches:
Dungeon (6/15)             Temple (1/1) D:4

Altars:
Ashenzari
Cheibriados
Dithmenos
Elyvilon
Fedhas
Gozag
Hepliaklqana
Kikubaaqudgha
Makhleb
Okawaru
Qazlal
Ru
Sif Muna
Trog
Vehumet
Wu Jian
Xom
Zin
The Shining One

Shops:
D:2 =   D:5 (!*

Annotations:
D:6 Pikel


Innate Abilities, Weirdness & Mutations

You are a hulking beast.
Your limbs bulge with bestial killing power. (Slay +2)
You can breathe blasts of scalding, opaque steam.
Your pale cyan-grey scales are hard. (AC +6)
You cannot fit into any form of body armour.
You are cold-blooded and may be slowed by cold attacks.
You are immune to the effects of steam.


Message History

You hear some strange, mumbled words.
A magic dart appears from out of thin air!
The magic dart hits you.
You barely miss something. Something hits you.
You miss something.
The orc priest mumbles some strange prayers to Beogh against you.
Beogh smites you!
The orc wizard casts a spell.
The orc wizard flickers and vanishes!
Something hits you.
You completely miss something.
Your tail-slap misses something.
You hit something.
You hear some strange, mumbled words.
A magic dart appears from out of thin air!
The magic dart hits you!
You barely miss something.
You hear some strange, mumbled words.
A puff of flame appears from out of thin air!
The puff of flame hits you!
* * * LOW HITPOINT WARNING * * *
You hear some strange, mumbled words.
A magic dart appears from out of thin air!
The magic dart hits you.
* * * LOW HITPOINT WARNING * * *
You hear some strange, mumbled words.
Something tries to affect you, but you resist.
A puff of flame appears from out of thin air!
The puff of flame hits something!
Reactivating autopickup.
You feel a bit more experienced.
Your Fighting skill increases to level 5!
Deactivating autopickup; reactivate with Ctrl-A.
Something tries to affect you, but you resist.
You see here 15 gold pieces.
The orc priest mumbles some strange prayers to Beogh against you.
Beogh smites you! Elyvilon protects you from harm!
Something tries to affect you, but you resist.
The orc priest invokes the aid of Beogh against you.
Beogh smites you!
You die...

###########....#
###.........'....+
#####...####..###....###
........##...## #......#
#####..)#..### #......#
###.....## #......#
#..)#.### #....#########
#.#<#.#############.....).{.
#>.........h..#####.....#...
.......#[###.........#.....#
o. ######.#.#
#.........#####o# .
#.#.#...........# #{#
#.#.#.##.......$# #.# #+#.#.
#........# #.# .#
#........## #.# .#
#.......o.## #.#
#...........###.#


You could see an orc priest.

Vanquished Creatures
  Sigmund (D:6)
  Menkaure (D:4)
  A centaur (D:5)
  A lemure (D:5)
  A gnoll sergeant (D:4)
  A jelly (D:5)
  Crazy Yiuf (D:2)
  A hound (D:5)
  An iguana (D:5)
  3 orc wizards
  Natasha (twice) (D:4)
  Robin (D:2)
  5 gnolls (D:4)
  6 adders
  A shadow imp (D:5)
  5 white imps
  4 dart slugs
  9 orcs
  5 ball pythons
  5 endoplasms
  2 giant cockroaches (D:3)
  16 goblins
  9 hobgoblins
  3 jackals (D:2)
  6 kobolds
  A quokka (D:5)
  4 bats
  4 frilled lizards
  6 rats
106 creatures vanquished.

Vanquished Creatures (others)
  An orc wizard (D:6)
1 creature vanquished.

Grand Total: 107 creatures vanquished

Notes
Turn   | Place    | Note
-------+----------+-------------------------------------------
     0 | D:1      | Arcadio the Draconian Shapeshifter began the quest for the
                  | Orb.
     0 | D:1      | Reached XP level 1. HP: 16/16 MP: 1/1
   290 | D:1      | Reached XP level 2. HP: 23/23 MP: 2/2
   687 | D:1      | Reached XP level 3. HP: 9/29 MP: 3/3
   788 | D:2      | Found Komnates's Jewellery Boutique.
   912 | D:2      | Found a runed translucent door.
   913 | D:2      | Noticed Crazy Yiuf
  1028 | D:2      | Noticed Robin
  1073 | D:2      | Killed Robin
  1252 | D:2      | Reached XP level 4. HP: 37/37 MP: 4/4
  1517 | D:2      | Killed Crazy Yiuf
  2124 | D:3      | Reached XP level 5. HP: 40/44 MP: 5/5
  2620 | D:3      | Found a faded altar of an unknown god.
  2718 | D:3      | Prayed at the altar of an unknown god.
  2718 | D:3      | Became a worshipper of Elyvilon the Healer
  2718 | D:3      | Reached * piety under Elyvilon
  3043 | D:4      | Got the Papyrus of the Traveller
  3106 | D:4      | Noticed Natasha
  3111 | D:4      | Killed Natasha
  3115 | D:4      | Found a staircase to the Ecumenical Temple.
  3125 | D:4      | Reached ** piety under Elyvilon
  3130 | Temple   | Entered the Ecumenical Temple
  3380 | D:4      | Reached XP level 6. HP: 41/51 MP: 6/6
  3817 | D:4      | Got the Lectures on the Floating Tundra
  3820 | D:4      | Got Neiju's Directory of the Dimensional Band
  3826 | D:4      | Learned a level 1 spell: Apportation
  3943 | D:4      | Noticed Menkaure
  3952 | D:4      | Killed Menkaure
  4007 | D:4      | Noticed Natasha
  4013 | D:4      | Killed Natasha
  4194 | D:5      | Entered Level 5 of the Dungeon
  4194 | D:5      | Found Loubulu's Assorted Antiques.
  4194 | D:5      | Found Hoenytasm's Distillery.
  4194 | D:5      | Found Polezymm's Weapon Shop.
  4262 | D:5      | Bought a potion of heal wounds for 55 gold pieces
  4376 | D:5      | Your scales start taking on a pale cyan-grey colour.
  4376 | D:5      | Reached XP level 7. HP: 20/59 MP: 7/7
  4376 | D:5      | Gained mutation: You are immune to the effects of steam.
                  | [Pale Draconian growth]
  4874 | D:5      | Reached skill level 5 in Unarmed Combat
  4933 | D:5      | Found a shimmering blue altar of Sif Muna.
  5116 | D:5      | Reached *** piety under Elyvilon
  5201 | D:6      | Noticed Pikel
  5265 | D:6      | Noticed Sigmund
  5315 | D:6      | Killed Sigmund
  5316 | D:6      | Reached skill level 5 in Shapeshifting
  5478 | D:6      | Reached skill level 5 in Fighting
  5490 | D:6      | Elyvilon protects you from harm!
  5492 | D:6      | Killed from afar by an orc priest

Illustrated notes

Levels and vault maps discovered:
D:1:      nicolae_arrival_memento_mori, layout_basic, minmay_misc_feat_roman
D:2:      layout_loops_ring, serial_shops, nicolae_shop_pleasant_corner_grove,
          minmay_tromino_v4_a, uniq_crazy_yiuf_cottage, uniq_robin
D:3:      layout_basic, dreamdust_ecumenical_altar_grove
D:4:      layout_loops_ring, minmay_temple_entry_junction_2, serial_library,
          serial_library_hellmonk_small_corner,
          serial_library_regret_index_double_sided,
          serial_library_hellmonk_angled_corner,
          serial_library_regret_index_headful,
          serial_library_hellmonk_narrow_alcove, serial_library_hellmonk_room_b,
          serial_library_hellmonk_open_cross,
          serial_library_regret_index_small_wings,
          serial_library_hellmonk_angled_corner, uniq_menkaure, uniq_natasha
D:5:      layout_basic, led_sif_book, skrybe_limestone_x,
          mrwooster_statue_mirror, kb_lookout_dungeons_type,
          nicolae_shop_distant_corner_stores
D:6:      layout_basic, uniq_prince_ribbit1, uniq_pikel, uniq_sigmund
Temple:   mainiacjoe_temple_coin_purse

Skill      XL: |  1  2  3  4  5  6  7 |
---------------+----------------------+-----
Dodging        | 2 3 4 |  4.4
Fighting       | 2 3 4 5 |  5.0
Unarmed Combat | 4 5 |  5.3
Shapeshifting  | 4 5 |  5.0

Action                     |  1- 3 |  4- 6 |  7- 9 || total
---------------------------+-------+-------+-------++-------
  Melee: Unarmed           |   108 |   180 |    72 ||   360
         Tailslap          |     8 |    22 |    12 ||    42
         Punch             |     1 |     6 |     2 ||     9
Ability: Breathe Steam     |       |       |     1 ||     1
    Use: Potion            |     1 |     2 |       ||     3
         Scroll            |       |     3 |     1 ||     4
 Armour: Skin              |    76 |    97 |    52 ||   225
  Dodge: Dodged            |    52 |   118 |    42 ||   212
   Form: Beast             |     1 |       |       ||     1
